 Dungeon Crawl Stone Soup version 0.30.1-3-gfc49f6343a (webtiles) character file.

Game seed: 16631362180019778749

173 KyoPewz the Cudgeller (level 5, -8/50 HPs)
             Began as an Ogre Gladiator on July 31, 2023.
             Killed from afar by Natasha (13 damage)
             ... with a bolt of dispelling energy
             ... on level 3 of the Dungeon.
             The game lasted 00:04:55 (2186 turns).

KyoPewz the Cudgeller (Ogre Gladiator)              Turns: 2186, Time: 00:04:55

Health: -8/50      AC:  4    Str: 20    XL:     5   Next: 53%
Magic:  0/5        EV: 10    Int:  9    God:
Gold:   165        SH:  0    Dex: 10    Spells: 4/4 levels left

rFire   . . .        k - +1 whip (elec)
rCold   . . .        (no shield)
rNeg    . . .        b - +0 robe
rPois   .            c - +0 hat
rElec   .            C - +0 cloak
rCorr   .            (gloves unavailable)
SInv    .            (boots unavailable)
Will    .....        f - amulet of guardian spirit
Stlth   +            (no ring)
HPRegen 0.28/turn    (no ring)
MPRegen 0.09/turn

%: guardian spirit
@: no status effects
A: large, unfitting armour, tough skin 1
a: no special abilities


You were on level 3 of the Dungeon.
You visited 1 branch of the dungeon, and saw 3 of its levels.

You collected 165 gold pieces.

Inventory:

Hand Weapons
 a - a +0 flail
 k - a +1 whip of electrocution (weapon)
 l - a +2 heavy mace
Missiles
 d - 3 throwing nets (quivered)
 e - a large rock
 p - 22 stones
 t - 6 boomerangs
Armour
 b - a +0 robe (worn)
 c - a +0 hat (worn)
 C - a +0 cloak (worn)
Magical Staves
 r - a staff of earth
Jewellery
 f - an amulet of guardian spirit (around neck)
 y - an amulet of reflection
Scrolls
 h - 2 scrolls of fear {unknown}
 j - a scroll of poison {unknown}
 m - 4 scrolls of identify {unknown}
 q - a scroll of acquirement {unknown}
 u - 2 scrolls of immolation {unknown}
 v - a scroll of amnesia {unknown}
 w - a scroll of teleportation {unknown}
 A - a scroll of enchant armour {unknown}
 B - a scroll of torment {unknown}
 D - a scroll of enchant weapon {unknown}
Potions
 g - 2 potions of ambrosia {unknown}
 i - a potion of resistance {unknown}
 n - a potion of flight {unknown}
 o - a potion of magic {unknown}
 s - a potion of cancellation {unknown}
 x - a potion of curing {unknown}
 z - 2 potions of heal wounds {unknown}
 E - a potion of lignification {unknown}
 F - a potion of might {unknown}


   Skills:
 - Level 2.6 Fighting
 * Level 4.8 Maces & Flails
 + Level 3.5 Throwing
 - Level 2.6 Dodging


You had 4 spell levels left.
You didn't know any spells.
Your spell library was empty.

Dungeon Overview and Level Annotations

Branches:
Dungeon (3/15)

Altars:

Annotations:
D:3 Natasha


Innate Abilities, Weirdness & Mutations

You are too large for most types of armour.
You have tough skin. (AC +1)


Message History

You are too injured to fight recklessly!
You are too injured to fight recklessly!
You escape the roots grasp.
Ijyb closely misses you. Natasha claws you.
You take 4 damage, and have 17/50 hp.
Ijyb zaps a wand.
The roots erupt in riotous growth!
Natasha is unaffected.
The grasping roots grab you! The grasping roots constrict you.
* * * LOW HITPOINT WARNING * * *
You take 3 damage, and have 14/50 hp.
You hit Natasha.
Natasha is lightly wounded.
Natasha claws you but does no damage. The grasping roots constrict you.
* * * LOW HITPOINT WARNING * * *
You take 3 damage, and have 11/50 hp.
You hit Natasha. Lightning courses through Natasha!
Natasha is almost dead.
Natasha stares at you and mumbles some strange words.
The magic dart hits you.
* * * LOW HITPOINT WARNING * * *
The grasping roots constrict you.
* * * LOW HITPOINT WARNING * * *
The grasping roots release their grip on you.
You take 9 damage, and have 2/50 hp.
You whack Natasha!
You kill Natasha!
Natasha screams in pain as she dies!
Ijyb barely misses you.
You hit Ijyb but do no damage. Lightning courses through Ijyb!!
You kill Ijyb!
You start resting.
Natasha, Servant of Life and Death comes into view.
She is carrying a wand of quicksilver (5).
You regained 6 hp, and now have 8/50 hp.
You regained 2 mp, and now have 4/5 mp.
Natasha casts a spell at you. The magic dart hits you.
* * * LOW HITPOINT WARNING * * *
You take 4 damage, and have 4/50 hp.
You now have 3/5 mp.
Natasha zaps a wand.
The bolt of dispelling energy hits you!
You die...

#######.#############.##
#.# #.........#. #.#
#.######..#. #.#
#.#...##..#. #.#
#.##..##..#. #.#
#.##..##..#. #.#
#.##......#.
#######.######.###.##..#.
+.......@..........##....
######.####.....########
#.####+#.#.# #).......#.#
#######........#.#
..............(#.#
......h..†.....+..
....?..........###
...............+


You could see Natasha.

Vanquished Creatures
  Crazy Yiuf (D:2)
  Ijyb (D:3)
  Natasha (D:3)
  3 adders (D:2)
  A worm (D:2)
  2 dart slugs
  7 endoplasms
  A giant cockroach (D:3)
  7 goblins
  2 hobgoblins
  10 jackals
  4 kobolds
  A quokka (D:2)
  5 ball pythons
  6 bats
  2 frilled lizards
  4 rats
58 creatures vanquished.

Notes
Turn   | Place    | Note
-------+----------+-------------------------------------------
     0 | D:1      | KyoPewz the Ogre Gladiator began the quest for the Orb.
     0 | D:1      | Reached XP level 1. HP: 22/22 MP: 1/1
   141 | D:1      | Reached skill level 3 in Maces & Flails
   141 | D:1      | Reached XP level 2. HP: 27/29 MP: 2/2
   783 | D:2      | Reached XP level 3. HP: 36/36 MP: 3/3
  1164 | D:2      | Reached XP level 4. HP: 41/44 MP: 4/4
  1269 | D:2      | Reached skill level 4 in Maces & Flails
  1432 | D:2      | Found a runed translucent door.
  1433 | D:2      | Noticed Crazy Yiuf
  1633 | D:2      | Killed Crazy Yiuf
  2015 | D:3      | Reached XP level 5. HP: 50/50 MP: 5/5
  2146 | D:3      | Noticed Ijyb
  2151 | D:3      | Noticed Natasha
  2161 | D:3      | HP: 2/50 [constriction (5)]
  2162 | D:3      | Killed Natasha
  2164 | D:3      | Killed Ijyb
  2184 | D:3      | Noticed Natasha
  2186 | D:3      | Killed from afar by Natasha

Illustrated notes

Levels and vault maps discovered:
D:1:      sevenhm_arrival_forest_fort_small_4, layout_loops_ring
D:2:      layout_loops_ring, uniq_crazy_yiuf_cottage
D:3:      layout_basic, minivault_19, nrook_loot_triangle, uniq_natasha,
          uniq_ijyb

Skill      XL: |  1  2  3  4 |
---------------+-------------+-----
Maces & Flails | 3 4 |  4.8
Throwing       | 3 |  3.5
Fighting       | |  2.6
Dodging        | |  2.6

Action                     |  1- 3 |  4- 6 || total
---------------------------+-------+-------++-------
  Melee: Flail             |    13 |       ||    13
         Whip              |    88 |    69 ||   157
         Punch             |     2 |     1 ||     3
         Mace              |     2 |       ||     2
   Stab: Sleeping          |     2 |     1 ||     3
 Armour: Robe              |    30 |    23 ||    53
  Dodge: Dodged            |    52 |    32 ||    84
